PIO (24 & UNDER)
SASKATOON SMOKIN' GUNS @ SALEM SLEDGEHAMMERS
06/11/2024
 
TOP OF THE 1ST
Saskatoon Smokin' Guns batting - Pitching for Salem Sledgehammers : LHP Carlos Castillo
Pitching: LHP Carlos Castillo
Batting: RHB César Rodríguez 0-0: Ball
1-0: Ball
2-0: Ball
3-0: Base on Balls
Batting: RHB Jason O'Toole 0-0: Ball
1-0: Swinging Strike
1-1: Called Strike
César Rodríguez is caught stealing 2nd base
1-2: Ball
2-2: Strikes out swinging
Batting: RHB Tom Rowe 0-0: Ball
1-0: Ball
2-0: Swinging Strike
2-1: Called Strike
2-2: Strikes out swinging
Top of the 1st over - 0 run(s), 0 hit(s), 0 error(s), 0 left on base; Saskatoon 0 - Salem 0
BOTTOM OF THE 1ST
Salem Sledgehammers batting - Pitching for Saskatoon Smokin' Guns : RHP Bernardo Romero
Pitching: RHP Bernardo Romero
Batting: SHB Júlio Salazar 0-0: Bunted foul
0-1: SINGLE (Line Drive, 78S)
Batting: RHB Soshu Nakamura 0-0: Ball
1-0: Foul Ball, location: 2F
1-1: Ball
2-1: Swinging Strike
2-2: Strikes out swinging
Júlio Salazar is caught stealing 2nd base
Batter strikes out.
Batting: LHB Nathan Frey 0-0: Ball
1-0: Ball
2-0: Ball
3-0: Base on Balls
Batting: RHB Dale Reeves 0-0: Called Strike
0-1: Called Strike
0-2: Strikes out looking
Bottom of the 1st over - 0 run(s), 1 hit(s), 0 error(s), 1 left on base; Saskatoon 0 - Salem 0
TOP OF THE 2ND
Saskatoon Smokin' Guns batting - Pitching for Salem Sledgehammers : LHP Carlos Castillo
Batting: RHB Eric Neal 0-0: Ball
1-0: Called Strike
1-1: Ball
2-1: Swinging Strike
2-2: Strikes out swinging
Batting: LHB Russell Peck 0-0: Foul Ball, location: 2F
0-1: Foul Ball, location: 2F
0-2: Foul Ball, location: 2F
0-2: Strikes out swinging, 2-3 out at first.
Batting: RHB Chris Richards 0-0: Called Strike
0-1: Ball
1-1: Bunt for hit - play at first, batter OUT! 3-4
Top of the 2nd over - 0 run(s), 0 hit(s), 0 error(s), 0 left on base; Saskatoon 0 - Salem 0
BOTTOM OF THE 2ND
Salem Sledgehammers batting - Pitching for Saskatoon Smokin' Guns : RHP Bernardo Romero
Batting: LHB Juan Aguilar 0-0: Swinging Strike
0-1: Called Strike
0-2: Ground out 3-1 (Groundball, 34S)
Batting: LHB Brent Alonzo 0-0: Called Strike
0-1: Called Strike
0-2: Strikes out looking
Batting: SHB Luis Alonso 0-0: Ball
1-0: Ball
2-0: Called Strike
2-1: Foul Ball, location: 2F
2-2: Ground out U3 (Groundball, 3S)
Bottom of the 2nd over - 0 run(s), 0 hit(s), 0 error(s), 0 left on base; Saskatoon 0 - Salem 0
TOP OF THE 3RD
Saskatoon Smokin' Guns batting - Pitching for Salem Sledgehammers : LHP Carlos Castillo
Batting: LHB Raúl Casillán 0-0: Swinging Strike
0-1: Ball
1-1: Foul Ball, location: 2F
1-2: Foul Ball, location: 2F
1-2: Strikes out swinging
Batting: RHB Alvin Hampton 0-0: Ball
1-0: SINGLE (Groundball, 15S) (infield hit)
Batting: LHB Bo Rush 0-0: Ball
1-0: Ball
2-0: Ball
3-0: Grounds into double play, U4-3 (Groundball, 4)
Top of the 3rd over - 0 run(s), 1 hit(s), 0 error(s), 0 left on base; Saskatoon 0 - Salem 0
BOTTOM OF THE 3RD
Salem Sledgehammers batting - Pitching for Saskatoon Smokin' Guns : RHP Bernardo Romero
Batting: RHB Finn Buys 0-0: SINGLE (Line Drive, 8LS)
Batting: RHB Brad French 0-0: Called Strike
0-1: Ball
1-1: Foul Ball, location: 2F
1-2: Foul Ball, location: 2F
1-2: Ball
2-2: Ball
3-2: Base on Balls
Finn Buys to second
Batting: SHB Júlio Salazar 0-0: Called Strike
0-1: Foul Ball, location: 2F
0-2: Ball
1-2: Ball
2-2: Ball
3-2: Base on Balls
Finn Buys to third
Brad French to second
Batting: RHB Soshu Nakamura 0-0: Ball
1-0: Foul Ball, location: 2F
1-1: Ball
2-1: Foul Ball, location: 2F
2-2: Strikes out swinging
Batting: LHB Nathan Frey 0-0: Called Strike
0-1: Called Strike
0-2: DOUBLE (Line Drive, 9LS)
Finn Buys scores
Brad French scores
Júlio Salazar to third
Batting: RHB Dale Reeves 0-0: Ball
1-0: Ball
2-0: Swinging Strike
2-1: Called Strike
2-2: Foul Ball, location: 2F
2-2: Ball
3-2: Strikes out swinging
Batting: LHB Juan Aguilar 0-0: Ball
1-0: Foul Ball, location: 2F
1-1: Ball
2-1: SINGLE (Groundball, 34D)
Júlio Salazar scores
Nathan Frey to third
Runner from 3rd tries for Home, SAFE, throw made home
Juan Aguilar to second
Batting: LHB Brent Alonzo 0-0: Foul Ball, location: 2F
0-1: Ball
1-1: Ball
2-1: Swinging Strike
2-2: Ball
3-2: Foul Ball, location: 2F
3-2: Strikes out looking
Bottom of the 3rd over - 4 run(s), 3 hit(s), 0 error(s), 1 left on base; Saskatoon 0 - Salem 4
TOP OF THE 4TH
Saskatoon Smokin' Guns batting - Pitching for Salem Sledgehammers : LHP Carlos Castillo
Batting: RHB César Rodríguez 0-0: Swinging Strike
0-1: Called Strike
0-2: Ball
1-2: Strikes out looking
Batting: RHB Jason O'Toole 0-0: Ball
1-0: Called Strike
1-1: Swinging Strike
1-2: Strikes out swinging
Batting: RHB Tom Rowe 0-0: Ball
1-0: Ball
2-0: Called Strike
2-1: DOUBLE (Flyball, 89D)
Batting: RHB Eric Neal 0-0: Called Strike
0-1: Ball
1-1: Foul Ball, location: 2F
1-2: Foul Ball, location: 2F
1-2: Ball
2-2: Fly out, F6 (Line Drive, 6)
Top of the 4th over - 0 run(s), 1 hit(s), 0 error(s), 1 left on base; Saskatoon 0 - Salem 4
BOTTOM OF THE 4TH
Salem Sledgehammers batting - Pitching for Saskatoon Smokin' Guns : RHP Bernardo Romero
Batting: SHB Luis Alonso 0-0: Ground out 4-3 (Groundball, 34)
Batting: RHB Finn Buys 0-0: Hit by Pitch
Batting: RHB Brad French 0-0: Swinging Strike
0-1: SINGLE (Groundball, 6)
Finn Buys to second
Batting: SHB Júlio Salazar 0-0: Swinging Strike
0-1: Swinging Strike
0-2: Foul Ball, location: 2F
0-2: Strikes out swinging
Batting: RHB Soshu Nakamura 0-0: Called Strike
0-1: Called Strike
0-2: Ball
1-2: Ball
2-2: Ball
3-2: Foul Ball, location: 2F
3-2: Fly out, F6 (Popup, 5L)
Bottom of the 4th over - 0 run(s), 1 hit(s), 0 error(s), 2 left on base; Saskatoon 0 - Salem 4
TOP OF THE 5TH
Saskatoon Smokin' Guns batting - Pitching for Salem Sledgehammers : LHP Carlos Castillo
Batting: LHB Russell Peck 0-0: Called Strike
0-1: Foul Ball, location: 2F
0-2: Ground out 4-3 (Groundball, 4)
Batting: RHB Chris Richards 0-0: Called Strike
0-1: Ball
1-1: Swinging Strike
1-2: Ball
2-2: Ball
3-2: Strikes out swinging
Batting: LHB Raúl Casillán 0-0: Called Strike
0-1: Ball
1-1: Ground out 4-3 (Groundball, 4)
Top of the 5th over - 0 run(s), 0 hit(s), 0 error(s), 0 left on base; Saskatoon 0 - Salem 4
BOTTOM OF THE 5TH
Salem Sledgehammers batting - Pitching for Saskatoon Smokin' Guns : RHP Bernardo Romero
Batting: LHB Nathan Frey 0-0: Foul Ball, location: 2F
0-1: Ball
1-1: Fly out, F7 (Flyball, 7M)
Batting: RHB Dale Reeves 0-0: DOUBLE (Line Drive, 7LS)
Batting: LHB Juan Aguilar 0-0: Ball
1-0: Ball
2-0: Called Strike
2-1: Swinging Strike
2-2: Ball
3-2: Strikes out looking
Pitching: RHP Luis Mejía
Batting: LHB Brent Alonzo 0-0: Swinging Strike
0-1: Ball
1-1: Foul Ball, location: 2F
1-2: Fly out, F9 (Line Drive, 9D)
Bottom of the 5th over - 0 run(s), 1 hit(s), 0 error(s), 1 left on base; Saskatoon 0 - Salem 4
TOP OF THE 6TH
Saskatoon Smokin' Guns batting - Pitching for Salem Sledgehammers : LHP Carlos Castillo
Batting: RHB Alvin Hampton 0-0: Fly out, F8 (Flyball, 8RM)
Batting: LHB Bo Rush 0-0: Called Strike
0-1: Ball
1-1: Foul Ball, location: 2F
1-2: Ball
2-2: Strikes out looking
Batting: RHB César Rodríguez 0-0: Called Strike
0-1: Ball
1-1: Ball
2-1: Ball
3-1: Foul Ball, location: 2F
3-2: Strikes out swinging
Top of the 6th over - 0 run(s), 0 hit(s), 0 error(s), 0 left on base; Saskatoon 0 - Salem 4
BOTTOM OF THE 6TH
Salem Sledgehammers batting - Pitching for Saskatoon Smokin' Guns : RHP Luis Mejía
Batting: SHB Luis Alonso 0-0: Ball
1-0: Called Strike
1-1: Foul Ball, location: 2F
1-2: Ground out U3 (Groundball, 3L)
Batting: RHB Finn Buys 0-0: Called Strike
0-1: Ball
1-1: Ball
2-1: Swinging Strike
2-2: DOUBLE (Line Drive, 7LS)
Batting: RHB Brad French 0-0: Intentional Walk
Batting: SHB Júlio Salazar 0-0: Ball
1-0: Swinging Strike
1-1: Foul Ball, location: 2F
1-2: Ball
2-2: Strikes out swinging
Batting: RHB Soshu Nakamura 0-0: Called Strike
0-1: Ball
Wild Pitch!
Finn Buys to third
Brad French to second
1-1: Ball
2-1: Ball
3-1: Fly out, F3 (Popup, 34)
Bottom of the 6th over - 0 run(s), 1 hit(s), 0 error(s), 2 left on base; Saskatoon 0 - Salem 4
TOP OF THE 7TH
Saskatoon Smokin' Guns batting - Pitching for Salem Sledgehammers : LHP Carlos Castillo
Batting: RHB Jason O'Toole 0-0: Called Strike
0-1: Foul Ball, location: 2F
0-2: Ball
1-2: Ball
2-2: Ball
3-2: Strikes out looking
Pitching: RHP Guillermo Martínez
Batting: RHB Tom Rowe 0-0: Called Strike
0-1: Ball
1-1: Swinging Strike
1-2: Ball
2-2: Ball
3-2: Strikes out looking
Batting: RHB Eric Neal 0-0: Ball
1-0: Ground out 6-3 (Groundball, 6M)
Top of the 7th over - 0 run(s), 0 hit(s), 0 error(s), 0 left on base; Saskatoon 0 - Salem 4
BOTTOM OF THE 7TH
Salem Sledgehammers batting - Pitching for Saskatoon Smokin' Guns : RHP Luis Mejía
Batting: LHB Nathan Frey 0-0: Ground out 3-1 (Groundball, 34)
Batting: RHB Dale Reeves 0-0: Ground out 5-3 (Groundball, 5)
Batting: LHB Juan Aguilar 0-0: Ball
1-0: Ball
2-0: Called Strike
2-1: Ball
3-1: Base on Balls
Batting: LHB Brent Alonzo 0-0: Fly out, F7 (Flyball, 7M)
Bottom of the 7th over - 0 run(s), 0 hit(s), 0 error(s), 1 left on base; Saskatoon 0 - Salem 4
TOP OF THE 8TH
Saskatoon Smokin' Guns batting - Pitching for Salem Sledgehammers : RHP Guillermo Martínez
Batting: LHB Russell Peck 0-0: Foul Ball, location: 2F
0-1: Foul Ball, location: 2F
0-2: Foul Ball, location: 2F
0-2: DOUBLE (Line Drive, 9LS)
Batting: RHB Chris Richards 0-0: Ball
1-0: Foul Ball, location: 2F
1-1: Foul Ball, location: 2F
1-2: Ball
2-2: Ball
3-2: Base on Balls
Pitching: RHP Vaughan Gillespie
Batting: LHB Raúl Casillán 0-0: Ball
1-0: Ball
2-0: Ball
3-0: Base on Balls
Russell Peck to third
Chris Richards to second
Batting: RHB Alvin Hampton 0-0: Ball
1-0: Called Strike
1-1: Swinging Strike
1-2: Strikes out swinging
Pitching: LHP Nick Johnson
Batting: LHB Bo Rush 0-0: Fly out, F5 (Line Drive, 56S)
Pitching: RHP Jeff Hansen
Batting: RHB César Rodríguez 0-0: DOUBLE (Line Drive, 8LS)
Russell Peck scores
Chris Richards scores
Raúl Casillán to third
Runner from 3rd tries for Home, SAFE, no throw or cutoff
Batting: RHB Jason O'Toole 0-0: Swinging Strike
0-1: Swinging Strike
0-2: Ball
1-2: SINGLE (Flyball, 8LM)
César Rodríguez to third
Runner from 3rd tries for Home, SAFE, no throw or cutoff
Batting: RHB Tom Rowe 0-0: Ball
Jason O'Toole steals 2nd base
1-0: Ball
2-0: Foul Ball, location: 2F
2-1: DOUBLE (Line Drive, 7LM)
Jason O'Toole scores
Batting: RHB Eric Neal 0-0: Swinging Strike
0-1: Foul Ball, location: 2F
0-2: Ball
1-2: Strikes out looking
Top of the 8th over - 5 run(s), 4 hit(s), 0 error(s), 1 left on base; Saskatoon 5 - Salem 4
BOTTOM OF THE 8TH
Salem Sledgehammers batting - Pitching for Saskatoon Smokin' Guns : RHP Luis Mejía
Pitching: LHP Macy Catron
Batting: SHB Luis Alonso 0-0: Ball
1-0: Ball
2-0: Foul Ball, location: 2F
2-1: Ground out 6-3 (Groundball, 6M)
Pitching: RHP Daniel Casey
Batting: RHB Finn Buys 0-0: Foul Ball, location: 2F
0-1: Called Strike
0-2: Foul Ball, location: 2F
0-2: Ball
1-2: Strikes out swinging
Batting: RHB Brad French 0-0: DOUBLE (Flyball, 7LM)
Batting: SHB Júlio Salazar 0-0: Called Strike
0-1: TRIPLE (Flyball, 8RXD)
Brad French scores
Batting: RHB Soshu Nakamura 0-0: Ball
1-0: Foul Ball, location: 2F
1-1: 2-RUN HOME RUN (Flyball, 7D), Distance : 397 ft
Pitching: RHP Dan Handy
Batting: LHB Nathan Frey 0-0: Ball
1-0: Fly out, F6 (Popup, 6S)
Bottom of the 8th over - 3 run(s), 3 hit(s), 0 error(s), 0 left on base; Saskatoon 5 - Salem 7
TOP OF THE 9TH
Saskatoon Smokin' Guns batting - Pitching for Salem Sledgehammers : RHP Jeff Hansen
Pitching: LHP Allen Purss
Batting: LHB Russell Peck 0-0: Swinging Strike
0-1: Fly out, F8 (Flyball, 78M)
Batting: RHB Chris Richards 0-0: Called Strike
0-1: Foul Ball, location: 2F
0-2: Ball
1-2: Ball
2-2: Strikes out swinging
Batting: LHB Raúl Casillán 0-0: Ball
1-0: Called Strike
1-1: Ball
2-1: Foul Ball, location: 2F
2-2: Strikes out swinging
Top of the 9th over - 0 run(s), 0 hit(s), 0 error(s), 0 left on base; Saskatoon 5 - Salem 7
This league is powered by Out of the Park Baseball, the baseball management simulation game for PC, Mac and Linux
Saturday, April 9th, 2016 - OOTP Baseball 16.8 Build 38